 Dungeon Crawl Stone Soup version 0.31-a0-662-g684573625c (webtiles) character file.

Game seed: 7845100867037579977

9 Maratek the Trooper (level 2, 19/24 HPs)
             Began as a Demonspawn Berserker on Sept 1, 2023.
             Was a Follower of Trog.
             Quit the game on level 1 of the Dungeon.
             The game lasted 00:00:30 (277 turns).

Maratek the Trooper (Demonspawn Berserker)           Turns: 277, Time: 00:00:31

Health: 19/24      AC:  2    Str: 17    XL:     2   Next: 3%
Magic:  2/2        EV: 12    Int: 10    God:    Trog [*.....]
Gold:   30         SH:  0    Dex: 12    Spells: 1/1 levels left

rFire   . . .        a - +0 hand axe
rCold   . . .        (no shield)
rNeg    . . .        b - +0 animal skin
rPois   .            (no helmet)
rElec   .            (no cloak)
rCorr   .            (no gloves)
SInv    .            (no boots)
Will    .....        (no amulet)
Stlth   +            (no ring)
HPRegen 0.24/turn    (no ring)
MPRegen 0.08/turn

%: no passive effects
@: no status effects
A: big brain 1
a: Renounce Religion, Berserk


You were on level 1 of the Dungeon.
You worshipped Trog.
Trog was aware of your devotion.
You visited 1 branch of the dungeon, and saw 1 of its levels.

You collected 30 gold pieces.

Inventory:

Hand Weapons
 a - a +0 hand axe (weapon)
Armour
 b - a +0 animal skin (worn)
Scrolls
 e - a scroll of enchant weapon {unknown}
Potions
 c - a potion of might {unknown}
 d - a potion of degeneration {unknown}


   Skills:
 + Level 3.2 Fighting
 + Level 2.9 Axes
 + Level 1.8 Armour
 + Level 2.0 Dodging


You had one spell level left.
You didn't know any spells.
Your spell library was empty.

Dungeon Overview and Level Annotations

Branches:
Dungeon (1/15)

Altars:


Innate Abilities, Weirdness & Mutations

You have an unusually large brain. (Int +2)


Message History

A ball python is nearby!
The ball python hisses angrily.
You hit the ball python.
The ball python is severely wounded.
The ball python bites you. The ball python grabs you.
The ball python constricts you.
You hit the ball python.
You kill the ball python!
Trog accepts your kill.
No target in view!
No target in view!
You see here a ball python corpse.
A quokka comes into view.
A quokka is nearby!
A quokka is nearby!
Found a sling and a book of Touch.
As you open the door, it creaks loudly!
You hear a shout!
A quokka comes into view.
The quokka bites you.
A hobgoblin comes into view.
The quokka closely misses you.
There is an open door here.
You hit the quokka.
The quokka is heavily wounded.
The quokka completely misses you.
You hit the quokka.
You kill the quokka!
Trog accepts your kill.
Your Dodging skill increases to level 2!
The quokka completely misses you.
You hit the hobgoblin.
You kill the hobgoblin!
Trog accepts your kill.
You hit the quokka but do no damage. The quokka closely misses you.
You have reached level 2!
Your demonic ancestry asserts itself...
Your brain expands.
Unknown command.
Unknown command.
Are you sure you want to abandon this character and quit the game? (Confirm with "yes".)

#............# #.
#............. +.
##........####
##....####
######..# ...##..#
#)#...##
####.###'.....#
#......@...8...#
#.##..†r..~~~.....
#.........~~~..###
#..###....~~~..#
#. #....~~~..# #
..........#
#....:....##
#......####


You could see a quokka.

Vanquished Creatures
  An endoplasm (D:1)
  2 hobgoblins (D:1)
  A quokka (D:1)
  2 ball pythons (D:1)
  A bat (D:1)
  A frilled lizard (D:1)
  A rat (D:1)
9 creatures vanquished.

Notes
Turn   | Place    | Note
-------+----------+-------------------------------------------
     0 | D:1      | Maratek the Demonspawn Berserker began the quest for the
                  | Orb.
     0 | D:1      | Reached XP level 1. HP: 18/18 MP: 1/1
   277 | D:1      | Gained mutation: You have an unusually large brain. (Int
                  | +2) [demonic ancestry]
   277 | D:1      | Reached XP level 2. HP: 19/24 MP: 2/2
   277 | D:1      | Quit the game

Illustrated notes

Levels and vault maps discovered:
D:1:      dpeg_arrival_arbitrary_a, layout_basic, serial_park_tiny_pond,
          amcnicky_mini_pool_small, minmay_pentomino_u2

Skill      XL: |  1 |
---------------+----+-----
Dodging        | 2 |  2.0
Fighting       | |  3.2
Axes           | |  2.9
Armour         | |  1.8

Action                     || total
---------------------------++-------
  Melee: Hand axe          ||    24
 Armour: Animal skin       ||    16
  Dodge: Dodged            ||    24

Table legend: (Time is in decaauts)
 A = Elapsed time spent in this place.
 B = Non-inter-level travel time spent in this place.
 C = Inter-level travel time spent in this place.
 D = Time resting spent in this place.
 E = Time spent auto-exploring this place.
 F = Levels seen in this place.
 G = Mean time per level.
                   A        B        C        D        E       F      G
               +--------+--------+--------+--------+--------+-----+--------+
         Total |    280 |    280 |      0 |      0 |    220 |   1 |  280.0 |
       Dungeon |    280 |    280 |      0 |      0 |    220 |   1 |  280.0 |
               +--------+--------+--------+--------+--------+-----+--------+

Top non-repeatable levels by time:
     D:1: 280 daAuts
